 Dungeon Sprint DCSS version 0.31-a0-841-g038b102fc3 (webtiles) character file.

Game seed: 304524385128615349

809 sircluck the Grappler (level 7, -2/121 HPs)
             Began as a Troll Berserker on Sept 27, 2023.
             Was a Priest of Trog.
             Slain by a dream sheep (6 damage)
             ... in the Dungeon (Sprint VII: "The Pits").
             The game lasted 00:00:22 (47 turns).

sircluck the Grappler (Troll Berserker)               Turns: 47, Time: 00:00:23

Health: -2/121     AC:  4    Str: 28    XL:     7   Next: 61%
Magic:  6/6        EV: 12    Int:  3    God:    Trog [***...]
Gold:   0          SH:  0    Dex:  9    Spells: 6/6 levels left

rFire   . .          .
                       - Unarmed
rCold   . . .        (no shield)
rNeg    . . .        a - +0 animal skin
rPois   .            (helmet restricted)
rElec   .            (no cloak)
rCorr   .            (gloves unavailable)
SInv    .            (boots unavailable)
Will    .....        (no amulet) Stlth
                     (no ring)
HPRegen 1.20/turn    (no ring)
MPRegen 0.10/turn

%: no teleportation
@: berserking (expiring), very quick
A: large, unfitting armour, claws 3, regeneration 1, shaggy fur 1, tough skin 1
a: Renounce Religion, Berserk, Trog's Hand


You were in the Dungeon.
You worshipped Trog.
Trog was most pleased with you.
You visited 1 branch

Inventory:

Armour
 a - a +0 animal skin (worn)
Scrolls
 g - a scroll of blinking
Potions
 b - a potion of curing
 c - a potion of heal wounds
 d - a potion of haste
 e - 2 potions of magic
 f - a potion of berserk rage


   Skills:
 + Level 8.7 Fighting
 + Level 8.5 Dodging
 + Level 10.2 Unarmed Combat


You had 6 spell levels left.
You didn't know any spells.
Your spell library was empty.

Dungeon Overview and Level Annotations

Branches:
Dungeon (1/1)

Altars:


Innate Abilities, Weirdness & Mutations

You are too large for most types of armour.
You have claws for hands.
Your natural rate of healing is unusually fast.
You are covered in fur. (AC +1)
You have tough skin. (AC +1)


Message History

* * * LOW HITPOINT WARNING * * *
The dream sheep barely misses you.
The dream sheep bites you but does no damage.
Unknown command.
Unknown command.
Unknown command.
Unknown command.
You closely miss the dream sheep. You mangle the dream sheep!!
You kill the dream sheep!
Trog accepts your kill. The dream sheep misses you. The dream sheep bites you.
* * * LOW HITPOINT WARNING * * *
Your Fighting skill increases to level 8!
Your Dodging skill increases to level 8!
You have reached level 7!
Unknown command.
Unknown command.
Unknown command.
You barely miss the dream sheep. Your claw misses the dream sheep.
You claw the dream sheep!
The dream sheep is heavily wounded.
The dream sheep bites you.
* * * LOW HITPOINT WARNING * * *
The dream sheep completely misses you.
You barely miss the dream sheep.
The dream sheep is heavily wounded.
Unknown command.
You mangle the dream sheep!!
You kill the dream sheep!
Trog accepts your kill. The dream sheep bites you!
* * * LOW HITPOINT WARNING * * *
Your Unarmed Combat skill increases to level 10!
You barely miss the orc. You claw the orc! You claw the orc.
You kill the orc!
Trog accepts your kill. The dream sheep bites you.
You die...

#................+
+................+
#......#..#......#
#................#
####'#####''######
#.......##''#####
#.......##......#
#.......##......#
#...<...###)@†.##
#.......# ##)Y##
#.......# ....#
#.......# ......#
##########......+
#......# ##....##
##++##


You could see a dream sheep.

Vanquished Creatures
  4 dream sheep (D)
  A small abomination (D)
  3 orcs (D)
8 creatures vanquished.

Notes
Turn   | Place    | Note
-------+----------+-------------------------------------------
     0 | D        | sircluck the Troll Berserker began the quest for the Orb.
     0 | D        | Reached XP level 1. HP: 22/22 MP: 0/0
    17 | D        | Noticed a small abomination
    17 | D        | Noticed a dream sheep
    17 | D        | Noticed a dream sheep
    17 | D        | Noticed a dream sheep
    17 | D        | Noticed a dream sheep
    17 | D        | Noticed a dream sheep
    24 | D        | Killed a small abomination
    25 | D        | Reached skill level 5 in Unarmed Combat
    25 | D        | Reached XP level 2. HP: 21/33 MP: 1/1
    25 | D        | Reached XP level 3. HP: 26/40 MP: 2/2
    25 | D        | Reached XP level 4. HP: 32/49 MP: 3/3
    26 | D        | Killed a dream sheep
    26 | D        | Reached ** piety under Trog
    27 | D        | Reached skill level 7 in Unarmed Combat
    27 | D        | Reached XP level 5. HP: 27/61 MP: 4/4
    27 | D        | Reached XP level 6. HP: 31/68 MP: 5/5
    34 | D        | Killed a dream sheep
    35 | D        | Reached skill level 9 in Unarmed Combat
    41 | D        | Killed a dream sheep
    42 | D        | Reached XP level 7. HP: 10/80 MP: 6/6
    45 | D        | Killed a dream sheep
    45 | D        | Reached *** piety under Trog
    45 | D        | HP: 2/120 [dream sheep (10)]
    46 | D        | Reached skill level 10 in Unarmed Combat
    47 | D        | Slain by a dream sheep

Illustrated notes

Levels and vault maps discovered:
D:        pitsprint [storerooms_1, entrance_room_1, metal_vault_2, armoury_2,
          mini_pit_1, grid_room_1, main_hall_1, silver_pit, the_coven_1,
          the_vestibule_1, steel_vault_5, golden_pit, hallway_of_sentries,
          crystal_vault_1, iron_vault_2, final_vault]

Skill      XL: |  1  2  3  4  5  6  7 |
---------------+----------------------+-----
Fighting       | 4 6 8 |  8.7
Dodging        | 4 6 8 |  8.5
Unarmed Combat | 5 7 9 10 | 10.2

Action                     |  1- 3 |  4- 6 |  7- 9 || total
---------------------------+-------+-------+-------++-------
  Melee: Unarmed           |     5 |    15 |     6 ||    26
         Punch             |       |       |     1 ||     1
 Invoke: Berserk           |     1 |       |       ||     1
 Armour: Animal skin       |     5 |    11 |     3 ||    19
  Dodge: Dodged            |     3 |     8 |     1 ||    12

Table legend: (Time is in decaauts)
 A = Elapsed time spent in this place.
 B = Non-inter-level travel time spent in this place.
 C = Inter-level travel time spent in this place.
 D = Time resting spent in this place.
 E = Time spent auto-exploring this place.
 F = Levels seen in this place.
 G = Mean time per level.
                   A        B        C        D        E       F      G
               +--------+--------+--------+--------+--------+-----+--------+
         Total |     35 |     35 |      0 |      0 |     17 |   1 |   35.0 |
       Dungeon |     35 |     35 |      0 |      0 |     17 |   1 |   35.0 |
               +--------+--------+--------+--------+--------+-----+--------+

Top non-repeatable levels by time:
       D: 35 daAuts
